 Dungeon Crawl Stone Soup version 0.24.0-13-gcf9b319 (webtiles) character file.

Game seed: 6257597319651611962, levelgen mode: deterministic

3070 shmeve the Fighter (level 9, -1/83 HPs)
             Began as a Minotaur Berserker on Apr 10, 2020.
             Was a Priest of Trog.
             Slain by an unseen horror (5 damage)
             ... on level 8 of the Dungeon.
             The game lasted 00:10:53 (7770 turns).

shmeve the Fighter (Minotaur Berserker)             Turns: 7770, Time: 00:10:53

Health: -1/83      AC: 11    Str: 22    XL:     9   Next: 58%
Magic:  0/8        EV: 10    Int:  5    God:    Trog [***...]
Gold:   357        SH:  0    Dex: 12    Spells: 8/8 levels left

rFire    + . .     SeeInvis .   a - +0 hand axe
rCold    . . .     Gourm    .   (no shield)
rNeg     . . .     Faith    .   F - +0 chain mail
rPois    .         Spirit   +   (helmet restricted)
rElec    .         Reflect  .   n - +0 cloak
rCorr    .         Harm     .   (no gloves)
MR       ++...                  (no boots)
Stlth    ..........             h - amulet of guardian spirit
HPRegen  1.23/turn              f - +5 ring of slaying
MPRegen  0.11/turn              i - ring of protection from fire

@: berserk cooldown, regenerating, slowed, very slow
A: retaliatory headbutt, horns 2
a: Berserk, Trog's Hand, Renounce Religion


You were on level 8 of the Dungeon.
You worshipped Trog.
Trog was most pleased with you.
You were very hungry.

You visited 1 branch of the dungeon, and saw 8 of its levels.

You collected 357 gold pieces.

Inventory:

Hand Weapons
 a - a +0 hand axe (weapon)
Missiles
 t - 5 boomerangs (quivered)
Armour
 n - a +0 cloak (worn)
 F - a +0 chain mail (worn)
 I - a +0 large shield
Jewellery
 b - an uncursed amulet of rage {unknown}
 f - a +5 ring of slaying (left hand)
 h - an amulet of guardian spirit (around neck)
 i - a ring of protection from fire (right hand)
 G - an uncursed ring of flight {unknown}
 H - an uncursed ring of positive energy {unknown}
Wands
 y - a wand of digging (6)
 C - a wand of flame (16)
 D - a wand of acid (10)
 J - a wand of polymorph (9)
Scrolls
 d - 2 scrolls of enchant armour {unknown}
 e - 5 scrolls of identify
 g - 2 scrolls of fear {unknown}
 j - 7 scrolls of remove curse {unknown}
 k - a scroll of fog {unknown}
 l - 4 scrolls of magic mapping {unknown}
 m - a scroll of acquirement {unknown}
 o - 3 scrolls of amnesia {unknown}
 q - 2 scrolls of immolation {unknown}
 r - a scroll of teleportation {unknown}
 u - a scroll of random uselessness {unknown}
 K - a scroll of holy word {unknown}
Potions
 p - 2 potions of berserk rage {unknown}
 s - 4 potions of curing
 v - a potion of brilliance {unknown}
 x - a potion of agility {unknown}
 z - 2 potions of degeneration {unknown}
 A - 2 potions of heal wounds {unknown}
 B - a potion of flight {unknown}
 E - a potion of mutation {unknown}
Comestibles
 c - 8 rations
 w - 4 chunks of flesh


   Skills:
 - Level 9.3 Fighting
 - Level 9.2 Axes
 - Level 4.8 Throwing
 - Level 6.5 Armour
 - Level 5.7 Dodging
 + Level 2.5 Shields


You had 8 spell levels left.
You didn't know any spells.
Your spell library was empty.

Dungeon Overview and Level Annotations

Branches:
Dungeon (8/15)             Temple (0/1) D:5
   Lair: D:8-11

Altars:
Nemelex Xobeh
Okawaru
Wu Jian


Innate Abilities, Weirdness & Mutations

You reflexively headbutt those who attack you in melee.
You have a pair of horns on your head.


Message History

Something hits you but does no damage. The cyclops completely misses you.
You hit the cyclops. You headbutt the cyclops!
The cyclops is moderately wounded.
You closely miss something. Something hits you!
* * * LOW HITPOINT WARNING * * *
You slash the cyclops!
The cyclops is heavily wounded.
You slash something! Something hits you but does no damage.
The cyclops hits you!!
* * * LOW HITPOINT WARNING * * *
You hit the cyclops.
The cyclops is heavily wounded.
You hit something.
You are no longer berserk.
You are exhausted.
You feel yourself slow down. Something hits you but does no damage.
You slash the cyclops!
The cyclops is severely wounded.
You hit something. Something hits you but does no damage. Something hits you.
You die...

##.## #..# #..#
##### ###.## #.....
#....# ..
#..:..###.##.##..#
#.........##....##
#.....#.{†.......#
#......@...####....
#.....C(#### .###
#####..(# #
#.#.......#
...#.#...a..
#....$...###.
...##<.. ..# ####
#........ .....
....


You could see a cyclops.

Vanquished Creatures
  Pikel (D:5)
  A troll (D:7)
  A hippogriff (D:6)
  A hungry ghost (D:7)
  Duvessa (D:6)
  2 phantoms
  3 ice beasts
  2 orc warriors
  3 slaves (D:5)
  An ogre (D:5)
  2 necrophages
  A centaur (D:3)
  Blork the orc (D:5)
  2 scorpions
  Dowan (D:6)
  5 crimson imps
  A centaur zombie (D:6)
  2 hounds
  3 orc priests
  3 worker ants
  6 orc wizards
  A hound zombie (D:6)
  10 adders
  2 shadow imps
  2 adder zombies
  An ooze (D:1)
  2 adder skeletons
  A worm (D:4)
  4 dart slugs
  4 leopard geckos
  19 orcs
  4 giant cockroaches
  4 goblins
  7 hobgoblins
  2 jackals (D:1)
  4 quokkas
  6 bats
  4 frilled lizards
  2 giant cockroach zombies
  A goblin zombie (D:5)
  5 kobolds
  A leopard gecko skeleton (D:5)
  10 rats
  A rat zombie (D:5)
140 creatures vanquished.

Notes
Turn   | Place    | Note
-------+----------+-------------------------------------------
     0 | D:1      | shmeve the Minotaur Berserker began the quest for the Orb.
     0 | D:1      | Reached XP level 1. HP: 19/19 MP: 0/0
   298 | D:1      | Reached XP level 2. HP: 27/27 MP: 1/1
   873 | D:1      | Reached XP level 3. HP: 30/33 MP: 2/2
  1309 | D:2      | Reached skill level 1 in Throwing
  1315 | D:2      | Reached ** piety under Trog
  1420 | D:2      | Found an ornate altar of the Wu Jian Council.
  1420 | D:2      | Found a sparkling altar of Nemelex Xobeh.
  1459 | D:2      | Found an iron altar of Okawaru.
  1772 | D:3      | Noticed a centaur
  1780 | D:3      | Killed a centaur
  1780 | D:3      | Reached XP level 4. HP: 25/41 MP: 3/3
  1780 | D:3      | Reached XP level 5. HP: 29/47 MP: 4/4
  2854 | D:4      | Reached skill level 5 in Fighting
  2854 | D:4      | Reached skill level 5 in Axes
  3890 | D:5      | Entered Level 5 of the Dungeon
  4085 | D:5      | Noticed an ogre
  4093 | D:5      | Killed an ogre
  4093 | D:5      | Reached XP level 6. HP: 40/56 MP: 5/5
  4789 | D:5      | Reached XP level 7. HP: 21/63 MP: 6/6
  5181 | D:5      | Noticed Blork the orc
  5194 | D:5      | Killed Blork the orc
  5381 | D:5      | Noticed Pikel
  5395 | D:5      | Killed Pikel
  5395 | D:5      | Reached skill level 5 in Armour
  5395 | D:5      | Reached XP level 8. HP: 35/73 MP: 7/7
  5678 | D:5      | Found a staircase to the Ecumenical Temple.
  5897 | D:6      | Noticed Duvessa
  5898 | D:6      | Noticed Dowan
  5906 | D:6      | Killed Duvessa
  5923 | D:6      | Killed Dowan
  6376 | D:6      | Reached *** piety under Trog
  6596 | D:6      | Reached skill level 5 in Dodging
  6748 | D:6      | Noticed a hippogriff
  6755 | D:6      | Killed a hippogriff
  6755 | D:6      | Reached XP level 9. HP: 75/82 MP: 8/8
  7508 | D:7      | Noticed a troll
  7516 | D:7      | Killed a troll
  7617 | D:7      | Received a gift from Trog
  7620 | D:7      | Reached skill level 1 in Shields
  7752 | D:8      | Noticed a cyclops
  7768 | D:8      | HP: 3/124 [cyclops (22)]
  7770 | D:8      | Slain by an unseen horror

Levels and vault maps discovered:
D:1:      onia_arrival_handbag, layout_loops_ring,
          chequers_serial_rivers_large_a
D:2:      layout_basic, chequers_temple_overflow_statue_of_worship,
          okawaru_gym_becter
D:3:      layout_basic
D:4:      layout_layer_cave
D:5:      layout_basic, minmay_temple_entry_proselytizer, enter_ossuary_4,
          first_ration, uniq_pikel, uniq_blork_the_orc
D:6:      layout_loops_corners, uniq_duvessa
D:7:      layout_loops_cross
D:8:      minmay_chambers_of_fours, layout_rooms, led_sif_book,
          nicolae_overflow_hidden_temple, grunt_livestock

Skill      XL: |  1  2  3  4  5  6  7  8  9 |
---------------+----------------------------+-----
Axes           | 4 5 6 7 8 9 |  9.2
Fighting       | 4 5 6 7 8 9 |  9.3
Throwing       | 1 2 3 4 |  4.8
Armour         | 3 4 5 6 |  6.5
Dodging        | 3 4 5 |  5.7
Shields        | 2 |  2.5

Action                   |  1- 3 |  4- 6 |  7- 9 || total
-------------------------+-------+-------+-------++-------
Melee: Hand axe          |    61 |   146 |   145 ||   352
       Headbutt          |    12 |    20 |    26 ||    58
Throw: Boomerang         |       |    18 |    71 ||    89
Invok: Berserk           |       |       |     5 ||     5
       Trog's Hand       |       |       |     2 ||     2
  Use: Scroll            |       |       |     5 ||     5
 Stab: Distracted        |       |       |     1 ||     1
  Eat: Chunk             |     3 |     9 |    10 ||    22
       Ration            |       |       |     2 ||     2
Armor: Animal skin       |    12 |    21 |     3 ||    36
       Chain mail        |       |       |    51 ||    51
Dodge: Dodged            |    44 |   115 |    61 ||   220
